 Dungeon Crawl Stone Soup version 0.21-a0-91-ga5031da (webtiles) character file.

134645 Yakui the Champion of Chaos (level 17, -1/138 HPs)
             Began as a Human Fighter on June 19, 2017.
             Was the Champion of Makhleb.
             Shot with an arrow by a naga sharpshooter (18 damage)
             ... on level 1 of the Snake Pit on June 30, 2017.
             The game lasted 01:44:09 (30303 turns).

Yakui the Champion of Chaos (Human Fighter)        Turns: 30303, Time: 01:44:13

Health: -1/138     AC: 18    Str: 25    XL:     17   Next: 75%
Magic:  27/27      EV: 22    Int:  8    God:    Makhleb [******]
Gold:   2787       SH:  7    Dex: 17    Spells: 16/16 levels left

rFire    + . .     SeeInvis .   s - +8 trident of the Octopus King {venom, rElec rPois MR+}
rCold    . . .     Gourm    .   H - +2 buckler {rF+}
rNeg     . . .     Faith    .   r - +0 chain mail {MR+}
rPois    +         Spirit   .   b - +2 hat
rElec    +         Reflect  .   e - +0 cloak
rCorr    .         Harm     .   (no gloves)
MR       ++++.                  c - +0 pair of boots
Stlth    ..........             J - amulet of regeneration
HPRegen  0.73/turn              h - ring of protection from magic
MPRegen  0.20/turn              O - +3 ring of slaying

@: agile, about to teleport, drained
A: no striking features
a: Minor Destruction, Lesser Servant of Makhleb, Major Destruction, Greater
Servant of Makhleb, Renounce Religion


You were on level 1 of the Snake Pit.
You worshipped Makhleb.
Makhleb was exalted by your worship.
You were hungry.

You visited 5 branches of the dungeon, and saw 25 of its levels.
You visited the Abyss 1 time.
You also visited: Labyrinth and Sewer.

You collected 2944 gold pieces.
You spent 157 gold pieces at shops.

Inventory:

Hand Weapons
 s - the +8 trident of the Octopus King (weapon) {venom, rElec rPois MR+}
   (You found it on level 6 of the Dungeon)

   It poisons the flesh of those it strikes.
   It insulates you from electricity.
   It protects you from poison.
   It affects your resistance to hostile enchantments.
Missiles
 x - 8 javelins of penetration
 F - a throwing net (quivered)
Armour
 b - a +2 hat (worn)
 c - a +0 pair of boots (worn)
 e - a +0 cloak (worn)
 j - a +2 scale mail of cold resistance
 r - a +0 chain mail of magic resistance (worn)
 H - a +2 buckler of fire resistance (worn)
Jewellery
 h - a ring of protection from magic (left hand)
 y - an uncursed ring of protection from cold {unknown}
 J - an amulet of regeneration (around neck)
 N - a +3 ring of evasion
 O - a +3 ring of slaying (right hand)
 Q - an uncursed ring of protection from magic
Wands
 a - a wand of random effects (35/48)
 v - a wand of confusion (29/48)
Scrolls
 g - 2 scrolls of teleportation
 m - 2 scrolls of amnesia
 n - 9 scrolls of remove curse
 t - 2 scrolls of magic mapping
 u - 6 scrolls of recharging
 L - a scroll of enchant weapon
 M - 3 scrolls of enchant armour
 U - a scroll of fog
 Y - 3 scrolls of blinking
Potions
 d - 8 potions of might
 k - 5 potions of heal wounds {unknown}
 o - 8 potions of curing
 p - 2 potions of berserk rage
 q - 3 potions of cancellation
 z - 4 potions of mutation
 A - 5 potions of brilliance
 C - a potion of resistance
 D - 3 potions of magic
 E - 3 potions of haste
 K - 2 potions of agility
 X - a potion of lignification
Miscellaneous
 P - a lightning rod (4/4)
 V - 2 phantom mirrors
Comestibles
 f - 12 bread rations
 i - 12 meat rations
 l - 17 royal jellies
 w - a chunk of flesh
 B - 53 fruits


   Skills:
 + Level 13.7(13.3) Fighting
 - Level 14.0(13.6) Polearms
 + Level 13.7(13.3) Armour
 + Level 13.5(13.1) Dodging
 - Level 4.0(3.6) Shields
 + Level 14.1(13.7) Invocations
 - Level 1.1(0.8) Evocations


You had 16 spell levels left.
You didn't know any spells.

Dungeon Overview and Level Annotations

Branches:
Dungeon (15/15)            Temple (1/1) D:5            Lair (6/6) D:8
  Swamp (0/4) Lair:3        Snake (1/4) Lair:4        Slime (0/5) Lair:5
    Orc (2/2) D:9             Elf (0/3) Orc:2        Vaults (0/5) D:13
 Depths (0/5) D:15

Altars:
Ashenzari
Cheibriados
Dithmenos
Elyvilon
Fedhas
Gozag
Hepliaklqana
Kikubaaqudgha
Makhleb
Nemelex Xobeh
Okawaru
Qazlal
Ru
Sif Muna
Trog
Uskayaw
Vehumet
Wu Jian
Xom
Yredelemnul
Zin
The Shining One

Shops:
D:5 [   D:12 %   Orc:2 (=:*


Message History

Press: ? - help, Dir - move target cursor, f - naga sharpshooter, p - wraith
Aim: a naga sharpshooter, wielding a war axe and wearing an embroidered robe (catching its breath)
You reach to attack!
You are feeling hungry.
You puncture the naga sharpshooter!
The naga sharpshooter is lightly wounded.
Your green death struggles to escape constriction.
The wraith hits your green death!
Evoke which item? (* to show all) (? for menu, Esc to quit)
Attack whom?
Press: ? - help, Dir - move target cursor, f/p - naga sharpshooter
Aim: a naga sharpshooter, wielding a war axe and wearing an embroidered robe (lightly wounded, catching its breath)
You reach to attack!
You impale the naga sharpshooter!!
The naga sharpshooter is severely wounded.
The naga warrior hits your green death with a trident!
Your green death dies!
The naga sharpshooter unwields an uncursed war axe.
The naga sharpshooter wields an uncursed shortbow.
The naga sharpshooter shoots an arrow.
The arrow hits you!!
You die...

...# ##..#
###.......### ...##
##..## ##...>.....#
#...# ##..##
##..........##
#...#####..##
#....######..##
#....##...## #...##
##..# #........##
##..## ##.# .........#
#...# ##.
.........#########N>##
#.
.............NW.@...#
#.
##...........N)....##
##
....).....†.########
.........####
........##
#.##.....###
..###....#.## ####.
#...........###......
##.####..............


You could see a naga warrior, a naga sharpshooter, a wraith (unaware) and a
naga.

Vanquished Creatures
  A tentacled starspawn (Abyss:1)
  Frances (Snake:1)
  Agnes (Snake:1)
  Louise (D:15)
  2 dire elephants (Lair:6)
  An ettin (Orc:2)
  2 fire dragons
  A minotaur (Lab)
  A rakshasa (D:15)
  A yaktaur captain (D:13)
  9 hydras
  2 catoblepae
  A naga warrior (Snake:1)
  2 anacondas (Snake:1)
  5 centaur warriors
  A death knight (D:11)
  An ogre mage (D:15)
  3 two-headed ogres
  9 death yaks
  2 thrashing horrors (Abyss:1)
  5 orc high priests (Orc:2)
  2 deep elf knights (D:14)
  A sixfirhy (Abyss:1)
  4 skeletal warriors (D:15)
  A wretched star (Abyss:1)
  5 unseen horrors
  3 lindwurms (Lair:6)
  A naga ritualist (Snake:1)
  A deep elf archer (D:14)
  A wolf spider zombie (D:15)
  A phantasmal warrior (Abyss:1)
  5 ugly things
  3 wizards (D:15)
  7 deep elf magi
  10 orc knights
  3 orc sorcerers (Orc:1)
  A worldbinder (Abyss:1)
  2 mana vipers
  An oklob plant (Lair:3)
  3 cyclopes
  8 elephants
  Maurice (D:11)
  2 molten gargoyles (Lair:3)
  2 smoke demons (Abyss:1)
  10 black mambas
  2 naga magi (Snake:1)
  2 gargoyles
  6 torpor snails
  7 rime drakes
  15 spiny frogs
  An efreet (D:13)
  2 yaktaurs (D:13)
  5 komodo dragons
  A freezing wraith (Abyss:1)
  3 tyrant leeches (Lair:6)
  7 trolls
  13 hornets
  Grinder (D:6)
  3 raiju (Abyss:1)
  35 dream sheep
  10 hippogriffs
  21 blink frogs
  A harpy skeleton (D:15)
  15 slime creatures
  Sigmund (D:6)
  3 wraiths
  A centaur simulacrum (D:14)
  2 water elementals (D:15)
  A spriggan (Lair:5)
  3 starcursed masses (Abyss:1)
  4 redbacks (Lab)
  28 yaks
  A vampire (D:14)
  2 hungry ghosts
  4 basilisks
  4 wyverns
  Eustachio (D:5)
  3 vampire mosquitoes (D:15)
  The ghost of TotoDurand the Sneak, an amateur OpMo (D:3)
  3 nagas
  12 water moccasins
  3 acid dragons
  A soldier ant (D:11)
  4 large abominations (Abyss:1)
  10 porcupines
  2 small abominations (Abyss:1)
  28 orc warriors
  5 ice beasts
  4 phantoms
  A black bear (D:10)
  2 eyes of draining
  2 sky beasts (D:11)
  A necrophage (D:6)
  14 ogres
  31 wolves
  25 centaurs
  14 crocodiles
  2 big kobolds (D:11)
  22 bullfrogs
  A wyvern skeleton (D:13)
  3 scorpions
  13 killer bees
  3 wights (D:14)
  5 howler monkeys
  An electric eel (D:15)
  6 crimson imps
  5 lava snakes (Lair:3)
  2 bullfrog zombies
  2 quasits
  3 centaur zombies
  Crazy Yiuf (D:7)
  6 bullfrog skeletons
  4 centaur skeletons
  27 orc priests
  A gnoll shaman (D:9)
  9 hounds
  4 jellies
  15 orc wizards
  Ijyb (D:3)
  Terence (D:2)
  An iguana (D:12)
  12 worker ants
  A hound zombie (D:10)
  A hound skeleton (D:5)
  3 worker ant zombies
  8 gnolls
  11 river rats
  16 adders
  A howler monkey skeleton (D:5)
  5 shadow imps
  2 adder zombies
  An adder skeleton (D:5)
  A worm (D:5)
  4 dart slugs
  7 leopard geckos
  77 orcs
  4 giant cockroaches
  5 goblins
  12 hobgoblins
  20 jackals
  9 quokkas
  5 ball pythons
  8 bats
  10 frilled lizards
  A jackal skeleton (D:7)
  19 kobolds
  A leopard gecko zombie (D:6)
  30 rats
  A butterfly (Lair:1)
  A plant (Lair:3)
915 creatures vanquished.

Vanquished Creatures (collateral kills)
  A lorocyproca (Abyss:1)
  Josephine (Snake:1)
  A wraith (Snake:1)
3 creatures vanquished.

Vanquished Creatures (others)
  A human (D:7)
  14 fungi (Lair:6)
  23 plants
38 creatures vanquished.

Grand Total: 956 creatures vanquished

Notes
Turn   | Place    | Note
-------+----------+-------------------------------------------
     0 | D:1      | Yakui the Human Fighter began the quest for the Orb.
     0 | D:1      | Reached XP level 1. HP: 18/18 MP: 1/1
    11 | D:1      | Upgraded the game from 0.21-a0-71-g5e5ddd2 to 0.21-a0-81-gc5150db
    18 | D:1      | You fall through a shaft!
    69 | D:1      | Reached skill level 1 in Dodging
    69 | D:1      | Reached XP level 2. HP: 24/24 MP: 2/2
   429 | D:1      | Reached XP level 3. HP: 18/29 MP: 3/3
   559 | D:1      | Found a snail-covered altar of Cheibriados.
   995 | D:2      | Reached XP level 4. HP: 32/35 MP: 4/4
  1127 | D:2      | Found a deep blue altar of Sif Muna.
  1573 | D:2      | Noticed Terence
  1580 | D:2      | Killed Terence
  1580 | D:2      | Reached XP level 5. HP: 34/41 MP: 5/5
  2224 | D:3      | Noticed TotoDurand's ghost (amateur OpMo)
  2536 | D:3      | Noticed Ijyb
  2586 | D:3      | Killed Ijyb
  2586 | D:3      | Reached XP level 6. HP: 48/48 MP: 6/6
  2760 | D:3      | Killed TotoDurand's ghost
  3212 | D:3      | Found a shadowy altar of Dithmenos.
  3503 | D:4      | Found a glowing drain.
  3507 | D:4      | Noticed an ice beast
  3515 | D:4      | Reached XP level 7. HP: 43/54 MP: 7/7
  3748 | Sewer    | Entered a sewer
  4440 | D:4      | Reached skill level 5 in Polearms
  5099 | D:4      | Reached XP level 8. HP: 48/61 MP: 8/8
  5661 | D:5      | Entered Level 5 of the Dungeon
  5943 | D:5      | Reached skill level 5 in Armour
  5953 | D:5      | Found a white marble altar of Elyvilon.
  5983 | D:5      | Reached skill level 5 in Fighting
  6240 | D:5      | Found Wellu's Antique Armour Shop.
  6253 | D:5      | Noticed Eustachio
  6334 | D:5      | Killed Eustachio
  6603 | D:5      | Reached XP level 9. HP: 51/68 MP: 9/9
  7192 | D:5      | Found a staircase to the Ecumenical Temple.
  7201 | Temple   | Entered the Ecumenical Temple
  7310 | Temple   | Upgraded the game from 0.21-a0-81-gc5150db to 0.21-a0-88-g13b9641
  7331 | Temple   | Became a worshipper of Makhleb the Destroyer
  7554 | D:6      | Found a shimmering altar of Xom.
  7575 | D:6      | Found a sparkling altar of Nemelex Xobeh.
  7631 | D:6      | Reached skill level 5 in Dodging
  7655 | D:6      | Noticed Sigmund
  7661 | D:6      | Noticed Grinder
  7902 | D:6      | Killed Sigmund
  7911 | D:6      | Killed Grinder
  8373 | D:6      | Found a hazy altar of Hepliaklqana.
  8513 | D:7      | Noticed a hippogriff
  8524 | D:7      | Killed a hippogriff
  8577 | D:7      | Found a runed door.
  8580 | D:7      | Found a basalt altar of Yredelemnul.
  8659 | D:7      | Reached XP level 10. HP: 77/77 MP: 10/10
  8844 | D:7      | Found a runed door.
  8970 | D:7      | Reached * piety under Makhleb
  9174 | D:7      | Noticed Crazy Yiuf
  9175 | D:7      | Killed Crazy Yiuf
  9255 | D:8      | Found a staircase to the Lair.
  9850 | Lair:1   | Entered Level 1 of the Lair of Beasts
 10102 | Lair:1   | Noticed a spiny frog
 10111 | Lair:1   | Killed a spiny frog
 10198 | Lair:1   | Noticed a seven-headed hydra
 10467 | D:9      | Reached ** piety under Makhleb
 10529 | D:9      | Found a staircase to the Orcish Mines.
 10685 | D:9      | Reached skill level 10 in Polearms
 10994 | D:9      | Found an opulent altar of Gozag.
 11073 | D:9      | Reached XP level 11. HP: 84/84 MP: 11/11
 11295 | D:10     | Entered Level 10 of the Dungeon
 12207 | D:11     | Noticed a cyclops
 12277 | Lair:1   | Killed a seven-headed hydra
 12445 | Lair:1   | Reached *** piety under Makhleb
 12958 | Lair:2   | Noticed an elephant
 12964 | Lair:2   | Noticed an elephant
 12973 | Lair:2   | Killed an elephant
 12989 | Lair:2   | Noticed an elephant
 12989 | Lair:2   | Killed an elephant
 12994 | Lair:2   | Killed an elephant
 12994 | Lair:2   | Reached XP level 12. HP: 67/94 MP: 12/12
 13561 | Lair:3   | Found a shadowy altar of Dithmenos.
 14011 | D:5      | Bought a shiny buckler for 157 gold pieces
 14194 | Lair:3   | Found a staircase to the Swamp.
 14713 | Lair:3   | Reached **** piety under Makhleb
 15154 | Lair:4   | Found a staircase to the Snake Pit.
 15170 | Lair:4   | Reached XP level 13. HP: 102/102 MP: 13/13
 15391 | Lair:4   | Noticed a four-headed hydra
 15404 | Lair:4   | Killed a four-headed hydra
 15526 | Lair:4   | Reached skill level 10 in Fighting
 15590 | Lair:4   | Noticed an eight-headed hydra
 15613 | Lair:4   | Killed an eight-headed hydra
 15751 | Lair:4   | Noticed a six-headed hydra
 15761 | Lair:4   | Killed a six-headed hydra
 16058 | Lair:5   | Reached skill level 1 in Evocations
 16060 | Lair:5   | Reached skill level 10 in Armour
 16065 | Lair:5   | Reached skill level 1 in Invocations
 16272 | Lair:5   | Reached skill level 5 in Invocations
 16562 | Lair:5   | Reached skill level 10 in Dodging
 16663 | Lair:5   | Found a staircase to the Slime Pits.
 16695 | Lair:5   | Noticed a seven-headed hydra
 16704 | Lair:5   | Killed a seven-headed hydra
 16735 | Lair:5   | Reached ***** piety under Makhleb
 16735 | Lair:5   | Reached XP level 14. HP: 110/110 MP: 19/19
 17149 | Lair:6   | Entered Level 6 of the Lair of Beasts
 17540 | Lair:6   | Reached skill level 10 in Invocations
 17959 | Lair:6   | Found a runed door.
 18674 | Lair:6   | Noticed a dire elephant
 18709 | Lair:6   | Killed a dire elephant
 18709 | Lair:6   | Reached XP level 15. HP: 58/117 MP: 23/23
 18901 | Lair:6   | Reached ****** piety under Makhleb
 19167 | Lair:6   | HP: 2/118 [dire elephant (29)]
 19933 | D:11     | Noticed Maurice
 19992 | D:11     | Killed Maurice
 20193 | D:11     | Paralysed by a hornet for 2 turns
 20490 | D:11     | Found a glowing golden altar of the Shining One.
 21173 | D:12     | Got an ichor-stained helmet
 21185 | D:12     | Identified the +2 helmet "Wabin" {rF- Str+8 Int+6 Dex-4} (You found it on level 12 of the Dungeon)
 21404 | D:12     | Found Ynwi's Food Shop.
 21702 | D:14     | Found a labyrinth entrance.
 21712 | Lab      | Entered a labyrinth
 23111 | D:14     | Upgraded the game from 0.21-a0-88-g13b9641 to 0.21-a0-91-ga5031da
 23536 | D:13     | Found a gate to the Vaults.
 24054 | D:13     | Reached XP level 16. HP: 44/127 MP: 25/25
 25345 | D:15     | Entered Level 15 of the Dungeon
 25657 | D:15     | Noticed Louise
 25670 | D:15     | Killed Louise
 25772 | D:15     | Got a faintly humming leather armour
 25783 | D:15     | Identified the cursed +0 leather armour of Sloth {rElec Str+2 Int+4} (You found it on level 15 of the Dungeon)
 26357 | D:15     | Found a staircase to the Depths.
 26667 | Orc:1    | Entered Level 1 of the Orcish Mines
 27407 | Orc:2    | Entered Level 2 of the Orcish Mines
 28067 | Orc:2    | Found a staircase to the Elven Halls.
 28107 | Orc:2    | Found a shimmering altar of Xom.
 28227 | Orc:2    | Reached XP level 17. HP: 135/135 MP: 26/26
 28526 | Orc:2    | Cast into level 1 of the Abyss (orc knight)
 28664 | Abyss:1  | Noticed a tentacled starspawn
 29132 | Abyss:1  | Found a corrupted altar of Lugonu.
 29251 | Abyss:1  | Noticed a tentacled starspawn
 29271 | Abyss:1  | Killed a tentacled starspawn
 29293 | Orc:2    | Escaped the Abyss
 29701 | Orc:2    | Found Bocaiwig's Assorted Antiques.
 29703 | Orc:2    | Found Afaaxkac's Jewellery Emporium.
 29703 | Orc:2    | Found Xalygig's Book Shoppe.
 29704 | Orc:2    | Found Zalucrio's Weapon Shoppe.
 29908 | Snake:1  | Entered Level 1 of the Snake Pit
 29917 | Snake:1  | Noticed Frances
 29946 | Snake:1  | Killed Frances
 30250 | Snake:1  | Noticed Agnes
 30267 | Snake:1  | Killed Agnes
 30271 | Snake:1  | Noticed Josephine
 30296 | Snake:1  | Killed Josephine
 30303 | Snake:1  | Shot with an arrow by a naga sharpshooter

Vault maps used:
D:1:      scummos_arrival_forest, corexii_leaking_fountain, cheibriados_altar_1
D:2:      lemuel_blue_sif_altar, roderic_lattice_a, uniq_terence
D:3:      nicolae_dithmenos_through_a_glass_darkly, uniq_ijyb
D:4:      portal_sewer_entry_a
D:5:      lemuel_ratsnest, elyvilon_altar_5, temple_hall, first_bread,
          serial_shops, nicolae_shop_trees, hangedman_decor_growths,
          uniq_eustachio
D:6:      nicolae_overflow_hidden_temple, lemuel_round_altar, basic_altar,
          nicolae_water_bricks, uniq_grinder, uniq_sigmund
D:7:      dk_yredelemnul_ordeal, uniq_crazy_yiuf_cottage
D:8:      lair_entry_dummy
D:9:      nicolae_gozag_seed_capital, orc_0_dummy
D:11:     hangedman_pestilent_swarm, tso_altar, uniq_maurice
D:12:     serial_shops, kennysheep_mini_moat, minmay_misc_feat_diagonals,
          kennysheep_boxes
D:13:     david_vaults_2, serial_glass, glass_columns_a, glass_columns_c
D:14:     serial_park_avenue1, lab_entry_generic, nicolae_straight_to_the_point
D:15:     grunt_enter_depths_magical_seal, serial_bayou_shore_a, uniq_louise
Temple:   lightli_temple_of_artemis
Lair:1:   minivault_25, lemuel_fruit_fields, grunt_megastairs_2
Lair:3:   cheibrodos_magma_flow, swamp_mist, lemuel_centaur_altar,
          serial_bayou_shore_b, lemuel_fruit_tree, serial_bayou_shore_b,
          minmay_lair_oklob_chamber
Lair:4:   cheibrodos_lair_overgrown_chateau, minmay_snake_entry_guardpost_small
Lair:5:   slime_dummy, grunt_megastairs_3, serial_bayou_shore_b
Lair:6:   wormcave, hangedman_lair_in_review, grunt_forest_large_clearings
Snake:1:  grunt_ministairs_9, uniq_josephine, uniq_agnes, uniq_frances
Orc:1:    mines4_lemuel
Orc:2:    st_orc_pillars, basic_altar
Lab:      labyrinth_skeletal_remains, nicolae_lab_dead_end, lab_hedge,
          nicolae_lab_hexagon
Sewer:    sewer_co_cracked_pipes

Skill      XL: |  1  2  3  4  5  6  7  8  9 10 11 12 13 14 15 16 17 |
---------------+----------------------------------------------------+-----
Dodging        | 1 2 3 4 5 6 8 9 10 11 12 13 | 13.5
Polearms       | 3 4 5 6 8 10 11 12 14 | 14.0
Fighting       | 4 5 6 7 8 9 10 12 13 | 13.7
Armour         | 4 5 6 7 8 9 10 11 12 13 | 13.7
Shields        | 4 |  4.0
Evocations     | 1 |  1.1
Invocations    | 6 10 12 13 14 | 14.1

Action                   |  1- 3 |  4- 6 |  7- 9 | 10-12 | 13-15 | 16-18 || total
-------------------------+-------+-------+-------+-------+-------+-------++-------
Melee: Trident           |   139 |   262 |   632 |   616 |  1334 |  1233 ||  4216
Invok: Minor Destruction |       |       |       |     4 |    14 |       ||    18
       Lesser Servant of |       |       |       |       |     1 |     1 ||     2
       Major Destruction |       |       |       |       |     6 |       ||     6
       Greater Servant o |       |       |       |       |       |     3 ||     3
  Use: Scroll            |       |       |    18 |     3 |     7 |     8 ||    36
       Potion            |       |       |     3 |       |       |     2 ||     5
  Eat: Chunk             |     1 |     7 |    19 |    22 |    25 |    22 ||    96
       Fruit             |       |       |       |       |     4 |       ||     4
Armor: Scale mail        |    65 |   118 |       |       |    40 |    48 ||   271
       Chain mail        |       |    32 |   230 |       |    13 |   155 ||   430
       Plate armour      |       |       |    66 |   241 |   460 |       ||   767
Dodge: Dodged            |    71 |   168 |   269 |   211 |   564 |   384 ||  1667
Block: Buckler           |       |       |       |    36 |   349 |   204 ||   589
